 Dungeon Crawl Stone Soup version 0.30.2 (webtiles) character file.

Game seed: 3377989479700113341

215 porpoise the Shooter (level 5, 0/47 HPs)
             Began as a Minotaur Hunter on Feb 9, 2024.
             Slain by Sigmund
             ... wielding a +0 scythe
              (4 damage)
             ... on level 3 of the Dungeon.
             The game lasted 00:06:29 (1695 turns).

porpoise the Shooter (Minotaur Hunter)              Turns: 1695, Time: 00:06:29

Health: 0/47       AC:  6    Str: 15    XL:     5   Next: 60%
Magic:  4/4        EV: 11    Int:  6    God:
Gold:   80         SH:  0    Dex: 16    Spells: 4/4 levels left

rFire   + . .        r - +0 trident
rCold   . . .        (no shield)
rNeg    . . .        i - +0 ring mail {rF+}
rPois   .            (helmet restricted)
rElec   .            (no cloak)
rCorr   .            (no gloves)
SInv    .            k - +0 pair of boots
Will    .....        (no amulet)
Stlth   +            (no ring)
HPRegen 0.27/turn    (no ring)
MPRegen 0.09/turn

%: no passive effects
@: no status effects
A: horns 2, retaliatory headbutt
a: no special abilities


You were on level 3 of the Dungeon.
You visited 1 branch of the dungeon, and saw 3 of its levels.

You collected 110 gold pieces.
You spent 30 gold pieces at shops.

Inventory:

Hand Weapons
 a - a +0 shortbow
 c - a +0 mace of holy wrath
 f - a +0 short sword
 r - a +0 trident (weapon)
Missiles
 p - 6 boomerangs
 q - 3 poisoned darts
Armour
 i - a +0 ring mail of fire resistance (worn)
 k - a +0 pair of boots (worn)
Jewellery
 d - a ring of magical power
 n - a ring of fire
Scrolls
 b - 3 scrolls of immolation
 e - 4 scrolls of fog {unknown}
 g - a scroll of poison {unknown}
 l - a scroll of identify
 m - 2 scrolls of teleportation
Potions
 h - a potion of flight {unknown}
 j - a potion of brilliance
 o - 2 potions of curing {unknown}
 s - a potion of berserk rage


   Skills:
 + Level 4.5 Fighting
 * Level 6.7 Ranged Weapons
 - Level 2.1 Dodging
 - Level 0.7 Stealth


You had 4 spell levels left.
You didn't know any spells.
Your spell library contained the following spells:

 Spells                   Type           Power      Damage    Failure   Level
 Slow                     Hex            0%         N/A       69%         1
 Confusing Touch          Hex            0%         N/A       96%         3
 Frozen Ramparts          Ice            0%         1d1       96%         3
 Gell's Gravitas          Tloc           0%         N/A       96%         3
 Teleport Other           Tloc           0%         N/A       96%         3
 Vampiric Draining        Necr           0%         2d6       96%         3
 Ice Form                 Ice/Tmut       0%         N/A       100%        4
 Summon Ice Beast         Ice/Summ       0%         N/A       100%        4
 Dispersal                Tloc           0%         N/A       100%        6


Dungeon Overview and Level Annotations

Branches:
Dungeon (3/15)

Altars:
Gozag

Shops:
D:2 (   D:3 ?

Annotations:
D:3 3 runed translucent doors, BaconRulez's ghost, amateur HuFi; Sigmund


Innate Abilities, Weirdness & Mutations

You have a pair of horns on your head.
You reflexively headbutt those who attack you in melee.


Message History

Sigmund is moderately wounded.
Sigmund casts a spell.
Sigmund flickers and vanishes!
Deactivating autopickup; reactivate with Ctrl-A.
No target in view!
No target in view!
No target in view!
You shoot an arrow. Something hits you but does no damage.
You shoot an arrow. Something hits you.
You shoot an arrow.
You hear some strange, mumbled words.
A magic dart appears from out of thin air!
The magic dart hits you but does no damage.
You shoot an arrow. Something hits you.
You shoot an arrow. Something hits you!
You are now empty-handed.
Found 7 gold pieces.
You hear some strange, mumbled words.
A magic dart appears from out of thin air!
The magic dart hits you.
r - a +0 trident (weapon)
You closely miss something. Something hits you!
* * * LOW HITPOINT WARNING * * *
You closely miss something. Something barely misses you.
You miss something. Your headbutt misses something. Something hits you.
* * * LOW HITPOINT WARNING * * *
You miss something. Your headbutt misses something.
You hear some strange, mumbled words.
A puff of flame appears from out of thin air!
The puff of flame hits you. You resist.
* * * LOW HITPOINT WARNING * * *
You closely miss something. Your headbutt misses something.
Something hits you but does no damage.
You closely miss something. Something hits you.
* * * LOW HITPOINT WARNING * * *
You miss something. Something hits you.
* * * LOW HITPOINT WARNING * * *
You puncture something! Something hits you but does no damage.
You barely miss something. Something hits you.
You die...

#)# #####.......#######..#....###
#.# #......#########.##....#..
#.######.####.......#......##....
#.#......# #######.....###......
#...#############...........†....
..### ...........#######.##...
#.# ......##.### ##...##... #.#
$.....#..# #..####... #.#
......{@## #.## #.... #.#
..........# ###.# ##.#.† #.#
#############...###..#.. #.#
##$8∩8.##.........> #.##
#.$..$.∩######.###. #..#
####8..8..8# ###..# ## ##.#
#..#∩.$_... ##...## # #.#
#.###$.O..###..### #.#
##.####+++##...##


There were no monsters in sight!

Vanquished Creatures
  An orc priest (D:3)
  Jessica (D:3)
  2 orc wizards (D:2)
  5 adders
  A worm (D:2)
  3 dart slugs
  An orc (D:2)
  3 endoplasms
  7 goblins
  6 hobgoblins
  5 jackals
  2 quokkas
  3 ball pythons
  6 bats
  4 kobolds
  10 rats
60 creatures vanquished.

Notes
Turn   | Place    | Note
-------+----------+-------------------------------------------
     0 | D:1      | porpoise the Minotaur Hunter began the quest for the Orb.
     0 | D:1      | Reached XP level 1. HP: 18/18 MP: 0/0
    99 | D:1      | Reached XP level 2. HP: 25/25 MP: 1/1
   386 | D:1      | Reached skill level 5 in Ranged Weapons
   576 | D:2      | Found Vadaen's Antique Weapon Shop.
   589 | D:2      | Reached XP level 3. HP: 23/31 MP: 2/2
   768 | D:2      | Reached XP level 4. HP: 37/38 MP: 3/3
  1159 | D:2      | Reached skill level 6 in Ranged Weapons
  1163 | D:2      | Reached XP level 5. HP: 33/46 MP: 4/4
  1373 | D:3      | Noticed Jessica
  1376 | D:3      | Killed Jessica
  1454 | D:3      | Found Ceesh's Magic Scroll Emporium.
  1463 | D:3      | Bought a scroll of teleportation for 30 gold pieces
  1535 | D:3      | Found a runed translucent gate.
  1535 | D:3      | Found a runed translucent gate.
  1536 | D:3      | Found a runed translucent gate.
  1538 | D:3      | Found an opulent altar of Gozag.
  1539 | D:3      | Noticed an ogre
  1539 | D:3      | Noticed BaconRulez's ghost (amateur HuFi)
  1673 | D:3      | Noticed Sigmund
  1695 | D:3      | Slain by Sigmund

Illustrated notes

Levels and vault maps discovered:
D:1:      psy_arrival_whirlpool, layout_basic
D:2:      layout_rooms, serial_shops, nicolae_shop_trees, minmay_close_crescents
D:3:      layout_rooms, serial_shops, nicolae_shop_pleasant_corner_grove,
          nicolae_shop_advertising_works [nicolae_subvault_shop_adworks],
          ebering_ghost_gozag, minmay_misc_feat_square, uniq_robin,
          uniq_sigmund, uniq_jessica

Skill      XL: |  1  2  3  4 |
---------------+-------------+-----
Fighting       | 3 4 |  4.5
Ranged Weapons | 5 6 |  6.7
Dodging        | |  2.1
Stealth        | |  0.7

Action                     |  1- 3 |  4- 6 || total
---------------------------+-------+-------++-------
  Melee: Trident           |       |    17 ||    17
   Fire: Shortbow          |    77 |    70 ||   147
    Use: Scroll            |     2 |       ||     2
         Potion            |       |     1 ||     1
 Armour: Ring mail         |    16 |    22 ||    38
  Dodge: Dodged            |    25 |    16 ||    41
